 Dungeon Crawl Stone Soup version 0.21.0-37-g46506fa (webtiles) character file.

1635 tidbits the Martial Artist (level 8, 64/64 HPs)
             Began as a Gnoll Transmuter on Jan 30, 2018.
             Quit the game in the Ecumenical Temple.
             The game lasted 00:19:17 (1847 turns).

tidbits the Martial Artist (Gnoll Transmuter)       Turns: 1847, Time: 00:19:17

Health: 64/64      AC:  8    Str: 13    XL:     8   Next: 98%
Magic:  18/18      EV: 27    Int: 17    God:
Gold:   294        SH:  0    Dex: 21    Spells: 6/21 levels left

rFire    . . .     SeeInvis .     - Unarmed
rCold    . . .     Gourm    .   (shield currently unavailable)
rNeg     . . .     Faith    .   (armour currently unavailable)
rPois    x         Spirit   .   (helmet currently unavailable)
rElec    .         Reflect  .   (cloak currently unavailable)
rCorr    .         Harm     .   (gloves currently unavailable)
MR       .....                  (boots currently unavailable)
Stlth    +++.......             w - amulet of inaccuracy (curse)
HPRegen  0.20/turn              U - +4 ring of protection (curse)
MPRegen  0.16/turn              v - +2 ring of protection

@: spider-form (expiring)
A: tiny, distributed training, strong nose
a: End Transformation


You were in the Ecumenical Temple.
You were not hungry.
You were a venomous arachnid creature.
You visited 2 branches of the dungeon, and saw 8 of its levels.

You collected 294 gold pieces.

Inventory:

Hand Weapons
 b - a +1 dagger of electrocution
   (You took it off an orc wizard on level 6 of the Dungeon)
 e - a +0 dagger
 o - a +0 blowgun
 u - a cursed -1 trident
 x - a +0 war axe
 A - a +0 scimitar
 G - a +2 dagger of venom
   (You took it off an orc on level 6 of the Dungeon)
 M - a +2 flail of protection
   (You took it off an orc on level 6 of the Dungeon)
Missiles
 a - 95 arrows
 f - 48 stones
 p - 13 poisoned needles
 z - 4 tomahawks (quivered)
 L - 5 exploding tomahawks
Armour
 q - a +0 ring mail
 B - a cursed +0 leather armour (melded)
 C - a +1 cloak (melded)
 F - a +0 pair of boots (melded)
 H - a +0 pair of gloves (melded)
 N - a +0 robe
Jewellery
 v - a +2 ring of protection (right front leg)
   (You found it on level 5 of the Dungeon)
 w - a cursed amulet of inaccuracy (around neck)
   (You found it on level 5 of the Dungeon)
 y - an uncursed ring of protection from fire {unknown}
   (You found it on level 6 of the Dungeon)
 K - an uncursed ring of resist corrosion
   (You found it on level 5 of the Dungeon)
 U - a cursed +4 ring of protection (left front leg)
   (You found it on level 5 of the Dungeon)
Wands
 n - a wand of clouds (1)
Scrolls
 i - 3 scrolls of amnesia
 j - 4 scrolls of immolation
 m - 2 scrolls of blinking
 D - a scroll of fear
 I - 2 scrolls of fog
Potions
 g - a potion of flight {unknown}
 h - a potion of cancellation {unknown}
 k - a potion of berserk rage {unknown}
 l - a potion of curing
 r - a potion of heal wounds
 s - 3 potions of might
 t - a potion of lignification
 E - a potion of ambrosia
 J - a potion of haste {unknown}
Books
 c - a book of Changes

   Spells                             Type                      Level
   a - Beastly Appendage              Transmutation                1
   b - Sticks to Snakes               Transmutation                2
   c - Spider Form                    Transmutation/Poison         3
   d - Ice Form                       Ice/Transmutation            4
   e - Blade Hands                    Transmutation                5
Comestibles
 d - 8 rations


   Skills:
 + Level 5.7 Fighting
 + Level 5.0 Short Blades
 + Level 5.0 Long Blades
 + Level 5.0 Axes
 + Level 5.0 Maces & Flails
 + Level 5.0 Polearms
 + Level 5.0 Staves
 + Level 5.0 Slings
 + Level 5.0 Bows
 + Level 5.0 Crossbows
 + Level 5.0 Throwing
 + Level 5.0 Armour
 + Level 6.9 Dodging
 + Level 5.0 Stealth
 + Level 5.0 Shields
 + Level 8.3 Unarmed Combat
 + Level 7.2 Spellcasting
 + Level 4.1 Conjurations
 + Level 4.1 Hexes
 + Level 4.1 Charms
 + Level 4.1 Summonings
 + Level 4.1 Necromancy
 + Level 4.1 Translocations
 + Level 5.7 Transmutations
 + Level 4.1 Fire Magic
 + Level 4.1 Ice Magic
 + Level 4.1 Air Magic
 + Level 4.1 Earth Magic
 + Level 4.1 Poison Magic
 + Level 5.5 Invocations
 + Level 5.0 Evocations


You had 6 spell levels left.
You knew the following spells:

 Your Spells              Type           Power        Failure   Level  Hunger
e - Beastly Appendage     Tmut           ####..       5%          1    None
h - Blade Hands           Tmut           ####......   52%         5    #####..
i - Ice Form              Ice/Tmut       ###.....     32%         4    ####...
k - Sticks to Snakes      Tmut           ####....     7%          2    None
p - Spider Form           Tmut/Pois      ###.......   13%         3    ##.....


Dungeon Overview and Level Annotations

Branches:
Dungeon (7/15)             Temple (1/1) D:4

Altars:
Ashenzari
Dithmenos
Elyvilon
Fedhas
Gozag
Hepliaklqana
Kikubaaqudgha
Makhleb
Nemelex Xobeh
Qazlal
Trog
Vehumet
Wu Jian
Xom
Yredelemnul
The Shining One

Shops:
D:6 %


Innate Abilities, Weirdness & Mutations

Your experience applies equally to all skills.
((You have very sharp teeth.))
Your uncanny sense of smell can sniff out nearby items.


Message History

B - a +0 robe (worn);
b - a dagger of electrocution You see here a pair of boots.
M - a pair of boots You see here a dyed leather armour.
N - a dyed leather armour Wear which item? (? for menu, Esc to quit)
You start removing your armour.
You continue taking off your +0 robe. x4
You finish taking off your +0 robe.
You start putting on your armour.
You continue putting on your dyed leather armour. x5
You finish putting on your cursed +0 leather armour.
Oops, that feels deathly cold.
Adjust (i)tems, (s)pells, or (a)bilities?
Adjust which item? (? for menu, Esc to quit)
N - a cursed +0 leather armour (worn)
Adjust to which letter? (? for menu, Esc to quit)
B - a cursed +0 leather armour (worn);
N - a +0 robe Wear which item? (? for menu, Esc to quit)
You start putting on your armour.
You continue putting on your pair of boots. x4
HP restored.
You finish putting on your +0 pair of boots.
Adjust (i)tems, (s)pells, or (a)bilities?
Adjust which item? (? for menu, Esc to quit)
M - a +0 pair of boots (worn)
Adjust to which letter? (? for menu, Esc to quit)
F - a +0 pair of boots (worn);
M - a flail of protection
There is an escape hatch in the ceiling here.
A mysterious force pulls you upwards. The hatch slams shut behind you.
Unknown command.
Found a ration.
You see here a ration.
You eat the ration.
That ration really hit the spot!
Casting: Spider Form
Confirm with . or Enter, or press ? or * to list all spells.
You turn into a venomous arachnid creature.
Your +1 cloak melds into your body.
Your +0 pair of gloves melds into your body.
Your +0 pair of boots melds into your body.
Your cursed +0 leather armour melds into your body.
The hound zombie completely misses you. The hound zombie misses you.
You closely miss the hound zombie. The hound zombie completely misses you.
You closely miss the hound zombie. The hound zombie misses you.
You bite the hound zombie!
The hound zombie is moderately damaged.
The hound zombie completely misses you.
You completely miss the hound zombie.
The hound zombie is moderately damaged.
The hound zombie closely misses you.
You completely miss the hound zombie.
The hound zombie is moderately damaged.
The hound zombie bites you but does no damage.
You bite the hound zombie!
The hound zombie is severely damaged.
The hound zombie bites you but does no damage.
You bite the hound zombie!
You destroy the hound zombie!
You see here a spear.
A bullfrog comes into view.
There is a stone staircase leading up here.
You climb upwards.
There is a stone staircase leading down here.
Unknown command.
You see here an arrow.
a - 95 arrows (gained 1)
You see here 3 needles of sleeping.
There is a stone staircase leading up here.
You climb upwards.
There is a stone staircase leading down here.
Unknown command.
Your transformation is almost over.
Your transformation has ended.
Your +1 cloak unmelds from your body.
Your +0 pair of gloves unmelds from your body.
Your +0 pair of boots unmelds from your body.
Your cursed +0 leather armour unmelds from your body.
You open the door.
A quokka comes into view.
There is an open door here.
Casting: Spider Form
Confirm with . or Enter, or press ? or * to list all spells.
You turn into a venomous arachnid creature.
Your +1 cloak melds into your body.
Your +0 pair of gloves melds into your body.
Your +0 pair of boots melds into your body.
Your cursed +0 leather armour melds into your body.
The quokka misses you.
Found a staircase to the Ecumenical Temple.
You bite the quokka!
You kill the quokka!
There is a staircase to the Ecumenical Temple here.
You climb downwards.
Welcome to the Ecumenical Temple!
Found six altars.
There is a staircase back to the Dungeon here.
Unknown command.
Found four altars.
Found a stormy altar of Qazlal and a shimmering altar of Xom.
Your transformation is almost over.
Found an opulent altar of Gozag and a white marble altar of Elyvilon.
Are you sure you want to abandon this character and quit the game? (Confirm with "yes".)

#≈.≈##§##≈.≈###
≈...#...#..§§§§#
§≈.._.8...8._..§§≈#
§≈......._.......≈§#
#≈.._..............≈##
≈...................≈##
.._..............._..§
≈..........s........≈#
##8...............8##
#...................##
§.._......<......_..§#
#...................##
##8...............8##
≈...................≈#
.._..............._..≈#
≈...................≈##


There were no monsters in sight!

Vanquished Creatures
  Prince Ribbit (D:6)
  A wyvern (D:5)
  An ice beast (D:5)
  An orc warrior (D:6)
  2 centaurs
  2 bullfrogs (D:6)
  4 killer bees (D:7)
  4 orc priests
  An iguana (D:6)
  3 orc wizards (D:6)
  2 hound zombies
  4 gnolls (D:6)
  5 adders
  3 shadow imps (D:3)
  2 adder zombies
  2 worms
  4 leopard geckos
  8 orcs (D:6)
  3 giant cockroaches
  6 goblins
  3 hobgoblins (D:1)
  3 quokkas
  A ball python (D:6)
  6 bats
  A frilled lizard (D:1)
  2 kobolds
  A leopard gecko zombie (D:5)
  3 rats
79 creatures vanquished.

Vanquished Creatures (collateral kills)
  An ice beast (D:6)
  A crimson imp (D:5)
  2 jellies (D:6)
  A bullfrog skeleton (D:5)
  A centaur skeleton (D:5)
  An adder (D:4)
  3 orcs (D:6)
  A goblin (D:2)
  A kobold (D:3)
12 creatures vanquished.

Grand Total: 91 creatures vanquished

Notes
Turn   | Place    | Note
-------+----------+-------------------------------------------
     0 | D:1      | tidbits the Gnoll Transmuter began the quest for the Orb.
     0 | D:1      | Reached XP level 1. HP: 17/17 MP: 6/6
   188 | D:2      | Found a transporter.
   188 | D:2      | Found a transporter.
   189 | D:2      | Noticed an ogre
   198 | D:2      | Found a basalt altar of Yredelemnul.
   211 | D:2      | Reached XP level 2. HP: 16/23 MP: 5/7
   216 | D:2      | Learned a level 2 spell: Sticks to Snakes
   303 | D:2      | Reached skill level 4 in Fighting
   303 | D:2      | Reached skill level 3 in Short Blades
   303 | D:2      | Reached skill level 3 in Long Blades
   303 | D:2      | Reached skill level 3 in Axes
   303 | D:2      | Reached skill level 3 in Maces & Flails
   303 | D:2      | Reached skill level 3 in Polearms
   303 | D:2      | Reached skill level 3 in Staves
   303 | D:2      | Reached skill level 3 in Slings
   303 | D:2      | Reached skill level 3 in Bows
   303 | D:2      | Reached skill level 3 in Crossbows
   303 | D:2      | Reached skill level 3 in Throwing
   303 | D:2      | Reached skill level 3 in Armour
   303 | D:2      | Reached skill level 5 in Dodging
   303 | D:2      | Reached skill level 3 in Stealth
   303 | D:2      | Reached skill level 3 in Shields
   303 | D:2      | Reached skill level 7 in Unarmed Combat
   303 | D:2      | Reached skill level 5 in Spellcasting
   303 | D:2      | Reached skill level 2 in Conjurations
   303 | D:2      | Reached skill level 2 in Hexes
   303 | D:2      | Reached skill level 2 in Charms
   303 | D:2      | Reached skill level 2 in Summonings
   303 | D:2      | Reached skill level 2 in Necromancy
   303 | D:2      | Reached skill level 2 in Translocations
   303 | D:2      | Reached skill level 4 in Transmutations
   303 | D:2      | Reached skill level 2 in Fire Magic
   303 | D:2      | Reached skill level 2 in Ice Magic
   303 | D:2      | Reached skill level 2 in Air Magic
   303 | D:2      | Reached skill level 2 in Earth Magic
   303 | D:2      | Reached skill level 2 in Poison Magic
   303 | D:2      | Reached skill level 3 in Invocations
   303 | D:2      | Reached skill level 3 in Evocations
   303 | D:2      | Reached XP level 3. HP: 13/30 MP: 2/10
   304 | D:2      | Reached skill level 5 in Fighting
   304 | D:2      | Reached skill level 4 in Short Blades
   304 | D:2      | Reached skill level 4 in Long Blades
   304 | D:2      | Reached skill level 4 in Axes
   304 | D:2      | Reached skill level 4 in Maces & Flails
   304 | D:2      | Reached skill level 4 in Polearms
   304 | D:2      | Reached skill level 4 in Staves
   304 | D:2      | Reached skill level 4 in Slings
   304 | D:2      | Reached skill level 4 in Bows
   304 | D:2      | Reached skill level 4 in Crossbows
   304 | D:2      | Reached skill level 4 in Throwing
   304 | D:2      | Reached skill level 4 in Armour
   304 | D:2      | Reached skill level 6 in Dodging
   304 | D:2      | Reached skill level 4 in Stealth
   304 | D:2      | Reached skill level 4 in Shields
   304 | D:2      | Reached skill level 6 in Spellcasting
   304 | D:2      | Reached skill level 3 in Conjurations
   304 | D:2      | Reached skill level 3 in Hexes
   304 | D:2      | Reached skill level 3 in Charms
   304 | D:2      | Reached skill level 3 in Summonings
   304 | D:2      | Reached skill level 3 in Necromancy
   304 | D:2      | Reached skill level 3 in Translocations
   304 | D:2      | Reached skill level 5 in Transmutations
   304 | D:2      | Reached skill level 3 in Fire Magic
   304 | D:2      | Reached skill level 3 in Ice Magic
   304 | D:2      | Reached skill level 3 in Air Magic
   304 | D:2      | Reached skill level 3 in Earth Magic
   304 | D:2      | Reached skill level 3 in Poison Magic
   304 | D:2      | Reached skill level 4 in Invocations
   304 | D:2      | Reached skill level 4 in Evocations
   304 | D:2      | Reached XP level 4. HP: 17/39 MP: 2/12
   347 | D:1      | Learned a level 3 spell: Spider Form
   352 | D:1      | Learned a level 4 spell: Ice Form
   418 | D:1      | Reached XP level 5. HP: 36/44 MP: 10/14
   673 | D:2      | Learned a level 5 spell: Blade Hands
   692 | D:3      | Found a transporter.
   720 | D:3      | Reached skill level 8 in Unarmed Combat
   724 | D:3      | Found a transporter.
   768 | D:3      | Reached XP level 6. HP: 37/51 MP: 11/15
   837 | D:5      | Entered Level 5 of the Dungeon
  1026 | D:5      | Reached skill level 5 in Invocations
  1044 | D:5      | Noticed an ice beast
  1053 | D:5      | Killed an ice beast
  1053 | D:5      | Reached XP level 7. HP: 56/56 MP: 9/17
  1054 | D:5      | Noticed a wyvern
  1063 | D:5      | Killed a wyvern
  1173 | D:6      | Found Zoxioq's Food Boutique.
  1223 | D:6      | Noticed Prince Ribbit
  1238 | D:6      | Reached skill level 7 in Spellcasting
  1240 | D:6      | Reached XP level 8. HP: 54/63 MP: 4/18
  1274 | D:6      | Reached skill level 4 in Conjurations
  1274 | D:6      | Reached skill level 4 in Hexes
  1274 | D:6      | Reached skill level 4 in Charms
  1274 | D:6      | Reached skill level 4 in Summonings
  1274 | D:6      | Reached skill level 4 in Necromancy
  1274 | D:6      | Reached skill level 4 in Translocations
  1274 | D:6      | Reached skill level 4 in Fire Magic
  1274 | D:6      | Reached skill level 4 in Ice Magic
  1274 | D:6      | Reached skill level 4 in Air Magic
  1274 | D:6      | Reached skill level 4 in Earth Magic
  1274 | D:6      | Reached skill level 4 in Poison Magic
  1283 | D:6      | Killed Prince Ribbit
  1344 | D:6      | Found a shadowy altar of Dithmenos.
  1454 | D:6      | Reached skill level 5 in Short Blades
  1454 | D:6      | Reached skill level 5 in Long Blades
  1454 | D:6      | Reached skill level 5 in Axes
  1454 | D:6      | Reached skill level 5 in Maces & Flails
  1454 | D:6      | Reached skill level 5 in Polearms
  1454 | D:6      | Reached skill level 5 in Staves
  1454 | D:6      | Reached skill level 5 in Slings
  1454 | D:6      | Reached skill level 5 in Bows
  1454 | D:6      | Reached skill level 5 in Crossbows
  1454 | D:6      | Reached skill level 5 in Throwing
  1454 | D:6      | Reached skill level 5 in Armour
  1454 | D:6      | Reached skill level 5 in Stealth
  1454 | D:6      | Reached skill level 5 in Shields
  1454 | D:6      | Reached skill level 5 in Evocations
  1822 | D:4      | Found a staircase to the Ecumenical Temple.
  1831 | Temple   | Entered the Ecumenical Temple
  1847 | Temple   | Quit the game

Skill      XL: |  1  2  3  4  5  6  7  8 |
---------------+-------------------------+-----
Fighting       | 4 5 |  5.7
Short Blades   | 3 4 5 |  5.0
Long Blades    | 3 4 5 |  5.0
Axes           | 3 4 5 |  5.0
Maces & Flails | 3 4 5 |  5.0
Polearms       | 3 4 5 |  5.0
Staves         | 3 4 5 |  5.0
Slings         | 3 4 5 |  5.0
Bows           | 3 4 5 |  5.0
Crossbows      | 3 4 5 |  5.0
Throwing       | 3 4 5 |  5.0
Armour         | 3 4 5 |  5.0
Dodging        | 5 6 |  6.9
Stealth        | 3 4 5 |  5.0
Shields        | 3 4 5 |  5.0
Unarmed Combat | 7 8 |  8.3
Spellcasting   | 5 6 7 |  7.2
Conjurations   | 2 3 4 |  4.1
Hexes          | 2 3 4 |  4.1
Charms         | 2 3 4 |  4.1
Summonings     | 2 3 4 |  4.1
Necromancy     | 2 3 4 |  4.1
Translocations | 2 3 4 |  4.1
Transmutations | 4 5 |  5.7
Fire Magic     | 2 3 4 |  4.1
Ice Magic      | 2 3 4 |  4.1
Air Magic      | 2 3 4 |  4.1
Earth Magic    | 2 3 4 |  4.1
Poison Magic   | 2 3 4 |  4.1
Invocations    | 3 4 5 |  5.5
Evocations     | 3 4 5 |  5.0

Action                   |  1- 3 |  4- 6 |  7- 9 || total
-------------------------+-------+-------+-------++-------
Melee: Unarmed           |    21 |    70 |    94 ||   185
       Kick              |     2 |       |       ||     2
       Punch             |     2 |       |       ||     2
       Bite              |     1 |       |     1 ||     2
       Headbutt          |     1 |       |       ||     1
Throw: Tomahawk          |       |       |     4 ||     4
 Cast: Beastly Appendage |     7 |     1 |       ||     8
       Sticks to Snakes  |     4 |     8 |    11 ||    23
       Spider Form       |       |    10 |    14 ||    24
       Ice Form          |       |     1 |       ||     1
 Abil: End Transformatio |       |     2 |     2 ||     4
Evoke: Wand              |       |     2 |     3 ||     5
  Use: Potion            |     2 |     1 |       ||     3
       Scroll            |       |     5 |     8 ||    13
 Stab: Sleeping          |     1 |     3 |       ||     4
       Distracted        |       |     1 |       ||     1
       Confused          |       |       |     1 ||     1
  Eat: Ration            |     1 |       |     1 ||     2
Armor: Robe              |     4 |     1 |       ||     5
       Skin              |       |     4 |    14 ||    18
Dodge: Dodged            |     8 |    70 |   101 ||   179

Table legend:
 A = Turns spent in this place as a percentage of turns spent in the entire game.
 B = Non-inter-level travel turns spent in this place as a percentage of non-inter-level travel turns spent in the entire game.
 C = Inter-level travel turns spent in this place as a percentage of turns spent in this place.
 D = Turns resting spent in this place as a percentage of non-inter-level travel turns spent in this place.
 E = Turns spent auto-exploring this place as a percentage of non-inter-level travel turns spent in this place.
 F = Non-inter-level travel turns spent in this place divided by the number of levels of this place that you've seen.
                   A       B       C       D       E      F
               +-------+-------+-------+-------+-------+----------------------
         Total | 100.0 | 100.0 |   0.0 |   0.0 |   0.0 | 230.9
       Dungeon |  99.1 |  99.1 |   0.0 |   0.0 |   0.0 | 261.6
        Temple |   0.9 |   0.9 |   0.0 |   0.0 |   0.0 |  16.0
               +-------+-------+-------+-------+-------+----------------------

Table legend:
 A = Kills in this place as a percentage of kills in entire the game.
 B = Kills by you in this place as a percentage of kills by you in the entire game.
 C = Kills by friends in this place as a percentage of kills by friends in the entire game.
 D = Other kills in this place as a percentage of other kills in the entire game.
 E = Experience gained in this place as a percentage of experience gained in the entire game.
 F = Experience gained in this place divided by the number of levels of this place that you have seen.
                   A       B       C       D       E      F
               +-------+-------+-------+-------+-------+----------------------
         Total | 100.0 | 100.0 | 100.0 | 100.0 | 100.0 | 276.4
       Dungeon | 100.0 | 100.0 | 100.0 | 100.0 | 100.0 | 315.9
               +-------+-------+-------+-------+-------+----------------------

Vault maps used:
D:1:      nicolae_arrival_memento_mori
D:2:      nicolae_ru_great_annihilating_truth, gammafunk_temple_overflow_arena,
          minmay_misc_feat_diagonals
D:3:      gammafunk_wand_slinger, led_sif_pool
D:4:      nicolae_overflow_crystal_walls, temple_fountains, serial_shops, shop,
          minmay_goblin_outpost
D:5:      first_ration
D:6:      nicolae_dithmenos_through_a_glass_darkly, serial_shops,
          nicolae_shop_stone, uniq_prince_ribbit1
D:7:      cheibrodos_quashed, uniq_menkaure, uniq_joseph, uniq_pikel
Temple:   eino_temple_lava
